 Dungeon Crawl Stone Soup version 0.29-a0-234-g0dae59b3db (webtiles) character file.

Game seed: 860646125748089955

224 Hubjo the Sneak (level 5, -2/39 HPs)
             Began as a Vampire Enchanter on Mar 2, 2022.
             Slain by an orc warrior
             ... wielding a +0 flail
              (16 damage)
             ... on level 4 of the Dungeon.
             The game lasted 00:09:01 (3426 turns).

Hubjo the Sneak (Vampire Enchanter)                 Turns: 3426, Time: 00:09:01

Health: -2/39      AC:  3    Str:  7    XL:     5   Next: 67%
Magic:  1/8        EV: 13    Int: 17    God:
Gold:   158        SH:  0    Dex: 17    Spells: 2/8 levels left

rFire   . . .      SeeInvis +   n - +1 dagger (flame)
rCold   . . .      Faith    .   (no shield)
rNeg    . . .      Spirit   .   b - +1 robe
rPois   .          Reflect  .   (no helmet)
rElec   .          Harm     .   (no cloak)
rCorr   .          Rampage  .   (no gloves)
Will    .....                   (no boots)
Stlth   +++.......              (no amulet)
HPRegen 0.33/turn               d - +4 ring of slaying
MPRegen 0.11/turn               (no ring)

@: healing quickly
A: alive, fangs 3, see invisible, vampiric 2, noise suppression
a: Exsanguinate


You were on level 4 of the Dungeon.
You visited 1 branch of the dungeon, and saw 4 of its levels.

You collected 158 gold pieces.

Inventory:

Hand Weapons
 a - a +2 dagger
 n - a +1 dagger of flaming (weapon)
Armour
 b - a +1 robe (worn)
Jewellery
 d - a +4 ring of slaying (left hand)
Scrolls
 j - a scroll of noise
 k - a scroll of teleportation
Potions
 c - a potion of invisibility
 h - a potion of flight


   Skills:
 * Level 2.5 Fighting
 + Level 2.5 Short Blades
 + Level 3.0 Dodging
 * Level 6.5 Stealth
 - Level 2.0 Spellcasting
 + Level 5.3 Hexes


You had 2 spell levels left.
You knew the following spells:

 Your Spells              Type           Power      Damage    Failure   Level
a - Tukima's Dance        Hex            19%        N/A       6%          3
b - Dazzling Flash        Conj/Hex       20%        N/A       19%         3

Your spell library contained the following spells:

 Spells                   Type           Power      Damage    Failure   Level
 Ensorcelled Hibernation  Hex/Ice        20%        N/A       10%         2
 Confusing Touch          Hex            19%        N/A       6%          3
 Silence                  Hex/Air        5%         N/A       87%         5
 Agony                    Necr           1%         N/A       99%         5


Dungeon Overview and Level Annotations

Branches:
Dungeon (4/15)
 Temple: D:4-7

Altars:
Uskayaw
Xom

Shops:
D:1 :


Innate Abilities, Weirdness & Mutations

Your natural rate of healing is accelerated.
You have razor-sharp teeth.
You have supernaturally acute eyesight. (SInv)
You are afflicted with vampirism and can become a bat while bloodless.
You passively dampen the noise of your surroundings.


Message History

It was a potion of curing.
You feel better.
The orc warrior hits you with a +0 flail!
You barely miss the orc warrior. Your bite misses the orc warrior.
The orc warrior hits you with a +0 flail.
You hit the orc warrior. You burn the orc warrior.
The orc warrior is lightly wounded.
The jelly quivers.
The orc warrior misses you.
You hit the orc warrior. You burn the orc warrior.
The orc warrior is moderately wounded.
The orc warrior hits you with a +0 flail.
The adder hisses angrily.
You hit the orc warrior but do no damage.
The orc warrior is moderately wounded.
The orc warrior barely misses you.
Your magical contamination has completely faded away.
You closely miss the orc warrior.
The orc warrior is moderately wounded.
You hit the orc warrior but do no damage.
The orc warrior is moderately wounded.
The orc warrior closely misses you. The jelly hits you but does no damage.
The orc shouts!
You hit the orc warrior but do no damage.
You punch the orc warrior, but do no damage.
You bite the orc warrior, but do no damage.
The orc warrior is moderately wounded.
The orc warrior hits you with a +0 flail!
* * * LOW HITPOINT WARNING * * *
The jelly barely misses you.
You feel much better.
The orc warrior hits you with a +0 flail!
The jelly closely misses you.
Casting: Tukima's Dance (dangerous; 6% risk of failure)
Confirm with . or Enter, or press ? or * to list all spells.
You don't have enough magic to cast this spell.
You hit the orc warrior. You burn the orc warrior.
Your bite misses the orc warrior.
The orc warrior is moderately wounded.
The orc warrior hits you with a +0 flail!
You die...

###
..?
#.#
#.#
#.#
#J#
#@#
#o#
#o#
#S#
#o#
#.#
#.#
#.#
#.#


You could see an orc warrior, a jelly, an adder and 2 orcs.

Vanquished Creatures
  A scorpion (D:3)
  5 gnolls
  4 adders
  A worm (D:2)
  4 dart slugs
  3 orcs
  3 endoplasms (D:3)
  4 giant cockroaches
  9 goblins
  7 hobgoblins
  4 jackals (D:2)
  A quokka (D:2)
  A ball python (D:1)
  6 bats
  3 frilled lizards
  3 kobolds
  4 rats
63 creatures vanquished.

Vanquished Creatures (collateral kills)
  An orc (D:4)
1 creature vanquished.

Vanquished Creatures (others)
  A dancing weapon (D:4)
1 creature vanquished.

Grand Total: 65 creatures vanquished

Notes
Turn   | Place    | Note
-------+----------+-------------------------------------------
     0 | D:1      | Hubjo the Vampire Enchanter began the quest for the Orb.
     0 | D:1      | Reached XP level 1. HP: 13/13 MP: 3/3
   267 | D:1      | Reached XP level 2. HP: 13/20 MP: 5/5
   350 | D:1      | Reached skill level 1 in Fighting
   552 | D:1      | Found Xaley's Book Shoppe.
  1222 | D:2      | Reached skill level 5 in Stealth
  1229 | D:2      | Gained mutation: You are afflicted with vampirism and can
                  | become a bat while bloodless. [Vampire growth]
  1229 | D:2      | Reached XP level 3. HP: 15/26 MP: 6/6
  1257 | D:2      | Learned a level 3 spell: Tukima's Dance
  1261 | D:2      | Learned a level 3 spell: Dazzling Flash
  1605 | D:2      | Reached XP level 4. HP: 23/32 MP: 7/7
  2081 | D:3      | Reached skill level 5 in Hexes
  2087 | D:3      | Reached skill level 6 in Stealth
  2306 | D:3      | Reached XP level 5. HP: 35/38 MP: 8/8
  2414 | D:3      | Found a hide-covered altar of Uskayaw.
  2489 | D:3      | Found a faded altar of an unknown god.
  2568 | D:3      | Found a shimmering altar of Xom.
  3380 | D:4      | Noticed an orc warrior
  3409 | D:4      | Gained mutation: You passively dampen the noise of your
                  | surroundings. [potion of mutation]
  3426 | D:4      | Slain by an orc warrior

Illustrated notes

Levels and vault maps discovered:
D:1:      lightli_arrival_windingriver, layout_basic, serial_shops,
          nicolae_shop_trees, lemuel_another_geyser
D:2:      layout_rooms, serial_aquarium, aquarium_bridge_straight
          [aquarium_subvault_bridge, aquarium_subvault_balcony,
          aquarium_subvault_bridge, aquarium_subvault_wall], aquarium_window_2,
          aquarium_window_corridor_3, aquarium_window_corner,
          aquarium_window_fake, aquarium_view_2f, aquarium_balcony_double_1,
          aquarium_pool_five
D:3:      minmay_spotlight, layout_basic, eat_drink_and_be_merry_uskayaw,
          mainiacjoe_overflow_brackets, basic_ecumenical_altar
D:4:      layout_basic, nicolae_tso_besieged_by_evil, grunt_decor_cap

Skill      XL: |  1  2  3  4  5 |
---------------+----------------+-----
Fighting       | 1 2 |  2.5
Stealth        | 5 6 |  6.5
Short Blades   | 2 |  2.5
Hexes          | 5 |  5.3
Dodging        | 3 |  3.0
Spellcasting   | |  2.0

Action                   |  1- 3 |  4- 6 || total
-------------------------+-------+-------++-------
Melee: Dagger            |    81 |    74 ||   155
       Bite              |     8 |     9 ||    17
       Punch             |     1 |     1 ||     2
 Cast: Tukima's Dance    |       |     4 ||     4
  Use: Scroll            |     3 |     6 ||     9
       Potion            |       |     6 ||     6
 Stab: Sleeping          |     9 |     6 ||    15
       Fleeing           |       |     1 ||     1
Armor: Robe              |     7 |     3 ||    10
Dodge: Dodged            |    64 |    32 ||    96

Table legend: (Time is in decaauts)
 A = Elapsed time spent in this place.
 B = Non-inter-level travel time spent in this place.
 C = Inter-level travel time spent in this place.
 D = Time resting spent in this place.
 E = Time spent auto-exploring this place.
 F = Levels seen in this place.
 G = Mean time per level.
                   A        B        C        D        E       F      G
               +--------+--------+--------+--------+--------+-----+--------+
         Total |   3419 |   2887 |    532 |    493 |   1879 |   4 |  854.8 |
       Dungeon |   3419 |   2887 |    532 |    493 |   1879 |   4 |  854.8 |
               +--------+--------+--------+--------+--------+-----+--------+

Top non-repeatable levels by time:
     D:3: 1421 daAuts
     D:1: 1207 daAuts
     D:2: 729 daAuts
     D:4: 62 daAuts
